| TOP OF THE 1ST |
|
Greensboro Grasshoppers batting - Pitching for Dayton Dragons : RHP Ricky Castillo
|
|
Pitching: RHP Ricky Castillo
|
|
|
Batting: RHB Tom Thompson
|
0-0: Ball 1-0: Ground out 3-1 (Groundball, 34, EV 78.8 MPH)
|
|
Batting: RHB Torquato Obawole
|
0-0: Hit by Pitch
|
|
Batting: RHB Isaiah Brockman
|
0-0: Foul Ball, location: 2F 0-1: Called Strike 0-2: Ball 1-2: Ball 2-2: Foul Ball, location: 2F 2-2: Ball 3-2: Base on Balls Torquato Obawole to second
|
|
Batting: RHB Jake Shelton
|
0-0: Called Strike 0-1: Ball 1-1: Ball 2-1: Foul Ball, location: 2F 2-2: SINGLE (Line Drive, 3D, EV 95.0 MPH) Torquato Obawole to third Isaiah Brockman to second Throwing error, E9 Torquato Obawole scores Isaiah Brockman to third Jake Shelton to second
|
|
Batting: RHB Boof Howell
|
0-0: Foul Ball, location: 2F 0-1: Called Strike 0-2: Foul Ball, location: 2F 0-2: Ball 1-2: Ball 2-2: Foul Ball, location: 2F 2-2: Ball 3-2: Ground out 6-3 (Groundball, P, EV 81.3 MPH) Isaiah Brockman scores Jake Shelton to third
|
|
Batting: RHB Masumitsu Sugiura
|
0-0: Ball 1-0: Called Strike 1-1: Foul Ball, location: 2F 1-2: Strikes out looking
|
| Top of the 1st over - 2 runs, 1 hit, 1 error, 1 left on base; Greensboro 2 - Dayton 0 |
| BOTTOM OF THE 1ST |
|
Dayton Dragons batting - Pitching for Greensboro Grasshoppers : RHP Zack Evans
|
|
Pitching: RHP Zack Evans
|
|
|
Batting: LHB Nick Nino
|
0-0: Ball 1-0: Ground out 6-3 (Groundball, 6, EV 101.3 MPH)
|
|
Batting: LHB Leo Gomez
|
0-0: Swinging Strike 0-1: Foul Ball, location: 2F 0-2: Ball 1-2: Strikes out looking
|
|
Batting: SHB Kristian Kristensen
|
0-0: Ball 1-0: Ball 2-0: Swinging Strike 2-1: Ball 3-1: Base on Balls
|
|
Batting: LHB Chris Grunwald
|
0-0: Ball 1-0: Ball 2-0: Foul Ball, location: 2F 2-1: Called Strike 2-2: Foul Ball, location: 2F 2-2: Strikes out swinging
|
| Bottom of the 1st over - 0 runs, 0 hits, 0 errors, 1 left on base; Greensboro 2 - Dayton 0 |
| TOP OF THE 2ND |
|
Greensboro Grasshoppers batting - Pitching for Dayton Dragons : RHP Ricky Castillo
|
|
Batting: RHB Jordan Arcidez
|
0-0: Ball 1-0: Swinging Strike 1-1: Called Strike 1-2: Foul Ball, location: 2F 1-2: Strikes out swinging
|
|
Batting: RHB Wei-guo Tsu
|
0-0: Ball 1-0: Ball 2-0: Ball 3-0: Called Strike 3-1: Foul Ball, location: 2F 3-2: Ground out 5-3 (Groundball, 5, EV 85.0 MPH)
|
|
Batting: RHB Chris Riddick
|
0-0: Ball 1-0: Ball 2-0: Foul Ball, location: 2F 2-1: Foul Ball, location: 2F 2-2: Ball 3-2: DOUBLE (Line Drive, 89D, EV 102.5 MPH)
|
|
Batting: RHB Tom Thompson
|
0-0: Called Strike 0-1: Called Strike 0-2: Foul Ball, location: 2F 0-2: Strikes out swinging
|
| Top of the 2nd over - 0 runs, 1 hit, 0 errors, 1 left on base; Greensboro 2 - Dayton 0 |
| BOTTOM OF THE 2ND |
|
Dayton Dragons batting - Pitching for Greensboro Grasshoppers : RHP Zack Evans
|
|
Batting: RHB Bruno André
|
0-0: Ball 1-0: Foul Ball, location: 2F 1-1: Swinging Strike 1-2: Strikes out swinging
|
|
Batting: RHB Mark Williams
|
0-0: Ground out U3 (Groundball, 34, EV 103.8 MPH)
|
|
Batting: RHB Ben Hinman
|
0-0: Ground out 5-3 (Groundball, 56S, EV 82.5 MPH)
|
| Bottom of the 2nd over - 0 runs, 0 hits, 0 errors, 0 left on base; Greensboro 2 - Dayton 0 |
| TOP OF THE 3RD |
|
Greensboro Grasshoppers batting - Pitching for Dayton Dragons : RHP Ricky Castillo
|
|
Batting: RHB Torquato Obawole
|
0-0: Called Strike 0-1: Foul Ball, location: 2F 0-2: Fly out, F9 (Flyball, 9, EV 93.8 MPH)
|
|
Batting: RHB Isaiah Brockman
|
0-0: Fly out, F8 (Flyball, 78D, EV 101.9 MPH)
|
|
Batting: RHB Jake Shelton
|
0-0: Ball 1-0: Called Strike 1-1: Swinging Strike 1-2: Strikes out swinging
|
| Top of the 3rd over - 0 runs, 0 hits, 0 errors, 0 left on base; Greensboro 2 - Dayton 0 |
| BOTTOM OF THE 3RD |
|
Dayton Dragons batting - Pitching for Greensboro Grasshoppers : RHP Zack Evans
|
|
Batting: RHB Jonathan Davis
|
0-0: Foul Ball, location: 2F 0-1: DOUBLE (Flyball, 89D, EV 106.9 MPH)
|
|
Batting: RHB Pat Grover
|
0-0: Foul Ball, location: 2F 0-1: Ball 1-1: Foul Ball, location: 2F 1-2: Ball 2-2: Ball 3-2: Ground out 6-3 (Groundball, 6M, EV 78.8 MPH) Jonathan Davis to third
|
|
Batting: LHB Nick Nino
|
0-0: Ball 1-0: Ground out 5-3 (Groundball, 56, EV 86.3 MPH) Jonathan Davis scores
|
|
Batting: LHB Leo Gomez
|
0-0: Called Strike 0-1: Ball 1-1: Foul Ball, location: 2F 1-2: Foul Ball, location: 2F 1-2: Foul Ball, location: 2F 1-2: Ball 2-2: Ball 3-2: SINGLE (Line Drive, 6MD, EV 99.4 MPH)
|
|
Batting: SHB Kristian Kristensen
|
0-0: Ball Leo Gomez steals 2nd base 1-0: Ball 2-0: Ball 3-0: Base on Balls
|
|
Batting: LHB Chris Grunwald
|
0-0: Ball 1-0: Ball 2-0: Ball 3-0: Called Strike 3-1: Base on Balls Leo Gomez to third Kristian Kristensen to second
|
|
Batting: RHB Bruno André
|
0-0: Ball 1-0: GRAND SLAM HOME RUN (Flyball, 78XD, EV 103.8 MPH), Distance : 404 ft
|
|
Batting: RHB Mark Williams
|
0-0: Ball 1-0: SINGLE (Groundball, 5S, EV 66.3 MPH) (infield hit)
|
|
Batting: RHB Ben Hinman
|
0-0: Ball Wild Pitch! Mark Williams to second 1-0: Called Strike 1-1: Ball 2-1: Called Strike 2-2: Ball 3-2: Foul Ball, location: 2F 3-2: Foul Ball, location: 2F 3-2: Foul Ball, location: 2F 3-2: Base on Balls
|
|
Pitching: RHP Reinaart Meyer
|
|
|
Batting: RHB Jonathan Davis
|
0-0: Fly out, F5 (Popup, 56S, EV 84.4 MPH)
|
| Bottom of the 3rd over - 5 runs, 4 hits, 0 errors, 2 left on base; Greensboro 2 - Dayton 5 |
| TOP OF THE 4TH |
|
Greensboro Grasshoppers batting - Pitching for Dayton Dragons : RHP Ricky Castillo
|
|
Batting: RHB Boof Howell
|
0-0: Called Strike 0-1: Called Strike 0-2: Ball 1-2: Ball 2-2: SINGLE (Groundball, 25, EV 73.8 MPH) (infield hit)
|
|
Batting: RHB Masumitsu Sugiura
|
0-0: SINGLE (Line Drive, 34D, EV 100.0 MPH) Boof Howell to second Runner from 2nd tries for 3rd, OUT! 9-5
|
|
DELAY
|
Rain delay of 24 minutes in the 4th inning.
|
|
Batting: RHB Jordan Arcidez
|
0-0: 2-RUN HOME RUN (Flyball, 8LXD, EV 103.1 MPH), Distance : 432 ft
|
|
Batting: RHB Wei-guo Tsu
|
0-0: Ball 1-0: Foul Ball, location: 2F 1-1: Foul Ball, location: 2F 1-2: Strikes out swinging
|
|
Batting: RHB Chris Riddick
|
0-0: Foul Ball, location: 2F 0-1: Ball 1-1: Foul Ball, location: 2F 1-2: Ball 2-2: Foul Ball, location: 2F 2-2: Ball 3-2: SINGLE (Line Drive, 78S, EV 98.8 MPH)
|
|
Batting: RHB Tom Thompson
|
0-0: SINGLE (Groundball, 4M, EV 105.6 MPH) (infield hit) Chris Riddick to second
|
|
Batting: RHB Torquato Obawole
|
0-0: Swinging Strike 0-1: Swinging Strike 0-2: Ball 1-2: Strikes out swinging
|
| Top of the 4th over - 2 runs, 5 hits, 0 errors, 2 left on base; Greensboro 4 - Dayton 5 |
| BOTTOM OF THE 4TH |
|
Dayton Dragons batting - Pitching for Greensboro Grasshoppers : RHP Reinaart Meyer
|
|
Batting: RHB Pat Grover
|
0-0: Ground out 6-3 (Groundball, 56, EV 87.5 MPH)
|
|
Batting: LHB Nick Nino
|
0-0: Ball 1-0: Ground out 4-3 (Groundball, 4M, EV 86.3 MPH)
|
|
Batting: LHB Leo Gomez
|
0-0: Called Strike 0-1: Called Strike 0-2: Ball 1-2: Strikes out swinging
|
| Bottom of the 4th over - 0 runs, 0 hits, 0 errors, 0 left on base; Greensboro 4 - Dayton 5 |
| TOP OF THE 5TH |
|
Greensboro Grasshoppers batting - Pitching for Dayton Dragons : RHP Ricky Castillo
|
|
Batting: RHB Isaiah Brockman
|
0-0: Ground out 3-1 (Groundball, 34, EV 85.0 MPH)
|
|
Batting: RHB Jake Shelton
|
0-0: Foul Ball, location: 2F 0-1: Called Strike 0-2: Ball 1-2: Strikes out swinging
|
|
Batting: RHB Boof Howell
|
0-0: Ball 1-0: Ball 2-0: Called Strike 2-1: Ball 3-1: SINGLE (Line Drive, 56, EV 94.4 MPH)
|
|
Batting: RHB Masumitsu Sugiura
|
0-0: Ball Boof Howell steals 2nd base 1-0: Called Strike 1-1: Ground out 6-3 (Groundball, 6, EV 104.4 MPH)
|
| Top of the 5th over - 0 runs, 1 hit, 0 errors, 1 left on base; Greensboro 4 - Dayton 5 |
| BOTTOM OF THE 5TH |
|
Dayton Dragons batting - Pitching for Greensboro Grasshoppers : RHP Reinaart Meyer
|
|
Pitching: RHP Marco Quezada
|
|
|
Batting: SHB Kristian Kristensen
|
0-0: Ball 1-0: Called Strike 1-1: Foul Ball, location: 2F 1-2: Ball 2-2: Foul Ball, location: 2F 2-2: Ball 3-2: Fly out, F8 (Flyball, 8LM, EV 82.5 MPH)
|
|
Batting: LHB Chris Grunwald
|
0-0: DOUBLE (Line Drive, 9LM, EV 92.5 MPH)
|
|
Batting: RHB Bruno André
|
0-0: Called Strike 0-1: Ball Chris Grunwald steals 3rd base 1-1: Called Strike 1-2: Strikes out looking
|
|
Batting: RHB Mark Williams
|
0-0: Ball 1-0: Ball 2-0: Ball 3-0: Base on Balls
|
|
Batting: RHB Ben Hinman
|
0-0: Ball 1-0: Ball 2-0: Ball 3-0: Called Strike 3-1: Called Strike 3-2: Base on Balls Mark Williams to second
|
|
Batting: RHB Jonathan Davis
|
0-0: Called Strike 0-1: Foul Ball, location: 2F 0-2: Foul Ball, location: 2F 0-2: Strikes out swinging
|
| Bottom of the 5th over - 0 runs, 1 hit, 0 errors, 3 left on base; Greensboro 4 - Dayton 5 |
| TOP OF THE 6TH |
|
Greensboro Grasshoppers batting - Pitching for Dayton Dragons : RHP Ricky Castillo
|
|
Batting: RHB Jordan Arcidez
|
0-0: DOUBLE (Line Drive, 7LD, EV 99.4 MPH)
|
|
Batting: RHB Wei-guo Tsu
|
0-0: Swinging Strike 0-1: Foul Ball, location: 2F 0-2: Foul Ball, location: 2F 0-2: Strikes out swinging
|
|
Batting: RHB Chris Riddick
|
0-0: Ball 1-0: Called Strike 1-1: Ball 2-1: Foul Ball, location: 2F 2-2: Ball 3-2: Base on Balls
|
|
Pitching: RHP Adam McCurdy
|
|
|
Batting: RHB Tom Thompson
|
0-0: Ball 1-0: Swinging Strike 1-1: Swinging Strike 1-2: Ball 2-2: Ball 3-2: Foul Ball, location: 2F 3-2: Base on Balls Jordan Arcidez to third Chris Riddick to second
|
|
Batting: RHB Torquato Obawole
|
0-0: Called Strike 0-1: GRAND SLAM HOME RUN (Flyball, 7D, EV 105.0 MPH), Distance : 374 ft
|
|
Batting: RHB Isaiah Brockman
|
0-0: Ball 1-0: Ball 2-0: SINGLE (Groundball, 6D, EV 102.5 MPH)
|
|
Batting: RHB Jake Shelton
|
0-0: Ball 1-0: Called Strike 1-1: Foul Ball, location: 2F 1-2: Strikes out swinging
|
|
Batting: RHB Boof Howell
|
0-0: Foul Ball, location: 2F 0-1: Ball 1-1: Ball 2-1: Ball 3-1: SINGLE (Groundball, 5S, EV 68.1 MPH) (infield hit) Isaiah Brockman to second
|
|
Pinch Runner at 1st Juan Zuniga:
|
|
|
Batting: RHB Masumitsu Sugiura
|
0-0: Called Strike 0-1: Ball 1-1: Called Strike 1-2: Ball 2-2: Foul Ball, location: 2F 2-2: Strikes out looking
|
| Top of the 6th over - 4 runs, 4 hits, 0 errors, 2 left on base; Greensboro 8 - Dayton 5 |
| BOTTOM OF THE 6TH |
|
Dayton Dragons batting - Pitching for Greensboro Grasshoppers : RHP Marco Quezada
|
|
Now at SS: Juan Zuniga
|
|
|
Batting: RHB Pat Grover
|
0-0: Ball 1-0: Called Strike 1-1: Ground out 5-3 (Groundball, 56S, EV 71.3 MPH)
|
|
Pitching: LHP Nick Gore
|
|
|
Batting: LHB Nick Nino
|
0-0: Called Strike 0-1: Swinging Strike 0-2: Ball 1-2: Foul Ball, location: 2F 1-2: Ball 2-2: Foul Ball, location: 2F 2-2: SINGLE (Line Drive, 4M, EV 103.8 MPH)
|
|
Batting: LHB Leo Gomez
|
0-0: Ball 1-0: Ball Nick Nino steals 2nd base (no throw) 2-0: Called Strike 2-1: Called Strike 2-2: Foul Ball, location: 2F 2-2: TRIPLE (Groundball, 3L, EV 100.6 MPH) Nick Nino scores
|
|
Batting: SHB Kristian Kristensen
|
0-0: Ball 1-0: Ball 2-0: SINGLE (Groundball, 4MD, EV 105.0 MPH) Leo Gomez scores
|
|
Batting: LHB Chris Grunwald
|
0-0: Called Strike 0-1: Swinging Strike 0-2: Ball 1-2: Foul Ball, location: 2F 1-2: Ball 2-2: Foul Ball, location: 2F 2-2: Ball 3-2: Base on Balls Kristian Kristensen to second
|
|
Batting: RHB Bruno André
|
0-0: Called Strike 0-1: Ball 1-1: Foul Ball, location: 2F 1-2: Strikes out looking
|
|
Batting: RHB Mark Williams
|
0-0: Ground out 1-3 (Groundball, 13S, EV 70.0 MPH)
|
| Bottom of the 6th over - 2 runs, 3 hits, 0 errors, 2 left on base; Greensboro 8 - Dayton 7 |
| TOP OF THE 7TH |
|
Greensboro Grasshoppers batting - Pitching for Dayton Dragons : RHP Adam McCurdy
|
|
Pitching: RHP Joe Green
|
|
|
Batting: RHB Jordan Arcidez
|
0-0: Ball 1-0: Ball 2-0: Called Strike 2-1: Swinging Strike 2-2: Strikes out looking
|
|
Batting: RHB Wei-guo Tsu
|
0-0: Called Strike 0-1: SINGLE (Groundball, 34D, EV 106.3 MPH)
|
|
Batting: RHB Chris Riddick
|
0-0: Called Strike 0-1: Foul Ball, location: 2F 0-2: Strikes out looking
|
|
Batting: RHB Tom Thompson
|
0-0: Ball 1-0: Ball 2-0: Fly out, F7 (Line Drive, 78D, EV 105.6 MPH)
|
| Top of the 7th over - 0 runs, 1 hit, 0 errors, 1 left on base; Greensboro 8 - Dayton 7 |
| BOTTOM OF THE 7TH |
|
Dayton Dragons batting - Pitching for Greensboro Grasshoppers : LHP Nick Gore
|
|
Pitching: RHP Chris Forster
|
|
|
Pinch Hitting: LHB Andrew Hamm
|
0-0: Swinging Strike 0-1: Ball 1-1: Ball 2-1: Ball 3-1: Foul Ball, location: 2F 3-2: Base on Balls
|
|
Pinch Hitting: LHB Matt Kennedy
|
0-0: Ball 1-0: Ball 2-0: Ball 3-0: Base on Balls Andrew Hamm to second
|
|
Batting: RHB Pat Grover
|
0-0: Fly out, F9 (Flyball, 9, EV 84.4 MPH)
|
|
Batting: LHB Nick Nino
|
0-0: Called Strike 0-1: Foul Ball, location: 2F 0-2: Fielders Choice at 2nd, 6-4 (Groundball, 6, EV 96.9 MPH) Andrew Hamm to third
|
|
Batting: LHB Leo Gomez
|
0-0: Called Strike 0-1: Ball 1-1: Ball 2-1: Foul Ball, location: 2F 2-2: Ball 3-2: Foul Ball, location: 2F 3-2: Foul Ball, location: 2F 3-2: Ground out 4-3 (Groundball, 34D, EV 80.0 MPH)
|
| Bottom of the 7th over - 0 runs, 0 hits, 0 errors, 2 left on base; Greensboro 8 - Dayton 7 |
| TOP OF THE 8TH |
|
Greensboro Grasshoppers batting - Pitching for Dayton Dragons : RHP Joe Green
|
|
Pitching: RHP Doug Elliott
|
|
|
Now at 1B: Andrew Hamm
|
|
|
Now at 3B: Frank Moron
|
|
|
Batting: RHB Torquato Obawole
|
0-0: Called Strike 0-1: Ball 1-1: Ball 2-1: Swinging Strike 2-2: Strikes out swinging
|
|
Batting: RHB Isaiah Brockman
|
0-0: DOUBLE (Line Drive, 89M, EV 111.9 MPH)
|
|
Batting: RHB Jake Shelton
|
0-0: Ground out 6-3 (Groundball, 6, EV 109.4 MPH)
|
|
Batting: LHB Juan Zuniga
|
0-0: Called Strike 0-1: Ball 1-1: Foul Ball, location: 2F 1-2: Ball 2-2: Foul Ball, location: 2F 2-2: Foul Ball, location: 2F 2-2: DOUBLE (Flyball, 78XD, EV 106.3 MPH) Isaiah Brockman scores
|
|
Batting: RHB Masumitsu Sugiura
|
0-0: Ball 1-0: Called Strike 1-1: Foul Ball, location: 2F 1-2: Foul Ball, location: 2F 1-2: Strikes out swinging
|
| Top of the 8th over - 1 run, 2 hits, 0 errors, 1 left on base; Greensboro 9 - Dayton 7 |
| BOTTOM OF THE 8TH |
|
Dayton Dragons batting - Pitching for Greensboro Grasshoppers : RHP Chris Forster
|
|
Pitching: RHP Tamirat Abboud
|
|
|
Batting: SHB Kristian Kristensen
|
0-0: Foul Ball, location: 2F 0-1: Ground out 6-3 (Groundball, 6, EV 89.4 MPH)
|
|
Batting: LHB Chris Grunwald
|
0-0: Fly out, F8 (Flyball, 8LS, EV 88.1 MPH)
|
|
Batting: RHB Bruno André
|
0-0: Ball 1-0: Called Strike 1-1: Called Strike 1-2: SINGLE (Groundball, 56S, EV 68.8 MPH) (infield hit)
|
|
Batting: RHB Mark Williams
|
0-0: Called Strike 0-1: Reached on error, E5 (Groundball, 5, EV 89.4 MPH) Bruno André to second
|
|
Batting: LHB Andrew Hamm
|
0-0: Ball 1-0: Ball 2-0: Called Strike 2-1: 3-RUN HOME RUN (Flyball, 7D, EV 94.4 MPH), Distance : 358 ft
|
|
Pitching: LHP Matt Payne
|
|
|
Batting: RHB Frank Moron
|
0-0: Ball 1-0: Ball 2-0: Ball 3-0: Base on Balls
|
|
Batting: RHB Pat Grover
|
0-0: Called Strike 0-1: Called Strike 0-2: Ground out 6-3 (Groundball, 4MS, EV 71.3 MPH)
|
| Bottom of the 8th over - 3 runs, 2 hits, 1 error, 1 left on base; Greensboro 9 - Dayton 10 |
| TOP OF THE 9TH |
|
Greensboro Grasshoppers batting - Pitching for Dayton Dragons : RHP Doug Elliott
|
|
Pitching: LHP Tim Ketcham
|
|
|
Now at 2B: John Galluzzo
|
|
|
Batting: RHB Jordan Arcidez
|
0-0: Ball 1-0: Called Strike 1-1: Ground out 6-3 (Groundball, 6, EV 80.6 MPH)
|
|
Batting: RHB Wei-guo Tsu
|
0-0: Ball 1-0: Ball 2-0: Ball 3-0: Base on Balls
|
|
Batting: RHB Chris Riddick
|
0-0: Called Strike 0-1: Hit by Pitch Wei-guo Tsu to second
|
|
Batting: RHB Tom Thompson
|
0-0: Called Strike 0-1: Ball 1-1: Called Strike 1-2: Ball 2-2: SINGLE (Line Drive, 9S, EV 91.3 MPH) Wei-guo Tsu to third Chris Riddick to second Runner from 3rd tries for Home, SAFE, throw by RF to home
|
|
Batting: RHB Torquato Obawole
|
0-0: Ball 1-0: Foul Ball, location: 2F 1-1: Called Strike 1-2: Ball 2-2: Foul Ball, location: 2F 2-2: Fielders Choice at 2nd, 4-6 (Groundball, 4, EV 85.6 MPH) Chris Riddick to third
|
|
Pitching: RHP Justin Ambrose
|
|
|
Batting: RHB Isaiah Brockman
|
0-0: Ball 1-0: Ball 2-0: Called Strike 2-1: Swinging Strike 2-2: Strikes out looking
|
| Top of the 9th over - 1 run, 1 hit, 0 errors, 2 left on base; Greensboro 10 - Dayton 10 |
| BOTTOM OF THE 9TH |
|
Dayton Dragons batting - Pitching for Greensboro Grasshoppers : LHP Matt Payne
|
|
Pitching: LHP Joe Foster
|
|
|
Pinch Hitting: RHB Sean Jenkinson
|
0-0: Called Strike 0-1: Ball 1-1: Ball 2-1: Ball 3-1: Base on Balls
|
|
Batting: LHB Leo Gomez
|
0-0: Called Strike 0-1: Ball 1-1: Foul Ball, location: 2F 1-2: Ball 2-2: Strikes out swinging
|
|
Batting: SHB Kristian Kristensen
|
0-0: Called Strike 0-1: Swinging Strike 0-2: Ball 1-2: Strikes out swinging
|
|
Batting: LHB Chris Grunwald
|
0-0: Foul Ball, location: 2F 0-1: Fly out, F4 (Flyball, 3D, EV 99.4 MPH)
|
| Bottom of the 9th over - 0 runs, 0 hits, 0 errors, 1 left on base; Greensboro 10 - Dayton 10 |
| TOP OF THE 10TH |
|
Greensboro Grasshoppers batting - Pitching for Dayton Dragons : RHP Justin Ambrose
|
|
Now at SS: Tim Walter
|
|
|
Batting: RHB Jake Shelton
|
0-0: Ball 1-0: Called Strike 1-1: Foul Ball, location: 2F 1-2: Strikes out swinging
|
|
Batting: LHB Juan Zuniga
|
0-0: Foul Ball, location: 2F 0-1: Fly out, F9 (Flyball, 9, EV 83.1 MPH)
|
|
Batting: RHB Masumitsu Sugiura
|
0-0: Ball 1-0: SINGLE (Line Drive, 89S, EV 107.5 MPH)
|
|
Batting: RHB Jordan Arcidez
|
0-0: Ball Masumitsu Sugiura steals 2nd base 1-0: Foul Ball, location: 2F 1-1: Foul Ball, location: 2F 1-2: Foul Ball, location: 2F 1-2: Ground out 6-3 (Groundball, 6, EV 80.0 MPH)
|
| Top of the 10th over - 0 runs, 1 hit, 0 errors, 1 left on base; Greensboro 10 - Dayton 10 |
| BOTTOM OF THE 10TH |
|
Dayton Dragons batting - Pitching for Greensboro Grasshoppers : LHP Joe Foster
|
|
Batting: RHB Bruno André
|
0-0: Ball 1-0: Called Strike 1-1: Ball 2-1: SOLO HOME RUN (Flyball, 7LD, EV 91.9 MPH), Distance : 351 ft
|
| Bottom of the 10th over - 1 run, 1 hit, 0 errors, 0 left on base; Greensboro 10 - Dayton 11 |
| |
|
Game Over ... Dayton defeats Greensboro, 11 to 10
|
|
|